 Dungeon Crawl Stone Soup version 0.26-a0-737-g4e9f4955e2 (webtiles) character file.

Game seed: 55594230325740635

177 loadgator530 the Grave Robber (level 5, -7/35 HPs)
             Began as a Mummy Necromancer on Nov 4, 2020.
             Killed by divine providence
             ... invoked by an orc priest
              (13 damage)
             ... on level 3 of the Dungeon.
             The game lasted 00:09:56 (3494 turns).

loadgator530 the Grave Robber (Mummy Necromancer)   Turns: 3494, Time: 00:09:57

Health: -7/35      AC:  3    Str: 11    XL:     5   Next: 30%
Magic:  5/12       EV: 13    Int: 15    God:
Gold:   149        SH:  0    Dex: 19    Spells: 8/13 levels left

rFire    . . .     SeeInvis .   d - -2 spear (curse)
rCold    + . .     Faith    .   (no shield)
rNeg     + + +     Spirit   .   a - +0 robe
rPois    ∞         Reflect  .   (no helmet)
rElec    .         Harm     .   (no cloak)
rCorr    .         Rampage  .   j - +0 pair of gloves
MR       .....                  (no boots)
Stlth    ++........             (no amulet)
HPRegen  0.11/turn              f - ring of protection from fire
MPRegen  0.13/turn              h - +6 ring of dexterity

@: very slightly contaminated
A: no potions, fire vulnerability, cold resistance 1, negative energy resistance
3, torment resistance, unbreathing
a: no special abilities


You were on level 3 of the Dungeon.
You visited 1 branch of the dungeon, and saw 4 of its levels.

You collected 149 gold pieces.

Inventory:

Hand Weapons
 b - a +0 club
 d - a cursed -2 spear (weapon)
 e - a cursed -1 mace
 l - a +2 battleaxe of venom
Armour
 a - a +0 robe (worn)
 j - a +0 pair of gloves (worn)
Jewellery
 f - a ring of protection from fire (left hand)
 h - a +6 ring of dexterity (right hand)
Wands
 k - a wand of enslavement (8)
Scrolls
 c - 4 scrolls of teleportation
 g - a scroll of fog
 i - 2 scrolls of identify
 m - a scroll of enchant armour
 n - a scroll of magic mapping
 o - a scroll of amnesia


   Skills:
 + Level 0.2 Polearms
 + Level 1.8 Dodging
 + Level 1.8 Stealth
 + Level 4.9 Spellcasting
 + Level 5.3 Necromancy


You had 8 spell levels left.
You knew the following spells:

 Your Spells              Type           Power        Failure   Level
a - Pain                  Necr           ###.         1%          1
b - Animate Skeleton      Necr           ###...       1%          1
c - Vampiric Draining     Necr           ###.......   5%          3

Your spell library contained the following spells:

 Spells                   Type           Power        Failure   Level
 Animate Dead             Necr           ###.......   19%         4
 Agony                    Necr           ###.....     45%         5


Dungeon Overview and Level Annotations

Branches:
Dungeon (4/15)
 Temple: D:4-7

Altars:


Innate Abilities, Weirdness & Mutations

You do not drink.
Your flesh is vulnerable to fire.
You are immune to poison.
Your flesh is cold resistant. (rC+)
You are immune to negative energy. (rN+++)
You are immune to unholy pain and torment.
You can survive without breathing.


Message History

Aiming: Pain (safe; 1% risk of failure)
Press: ? - help, Shift-Dir - straight line, f/p - orc priest
Aim: an orc priest, wielding a -1 short sword (heavily wounded, chance to defeat MR: 78%)
The orc priest writhes in agony.
The orc priest calls down the wrath of Beogh upon you.
Beogh smites you!
The orc priest mumbles some strange prayers to Beogh against you.
Beogh smites you!
* * * LOW HITPOINT WARNING * * *
Casting: Pain (safe; 1% risk of failure)
Confirm with . or Enter, or press ? or * to list all spells.
Aiming: Vampiric Draining (dangerous; 5% risk of failure)
Press: ? - help, Shift-Dir - straight line, f/p - orc priest
Aim: an orc priest, wielding a -1 short sword (heavily wounded)
The orc priest is almost dead.
You feel life coursing into your body. The orc hits you.
* * * LOW HITPOINT WARNING * * *
The orc priest calls down the wrath of Beogh upon you.
Beogh smites you!
You die...

..............># #...#
########.#####.#####.#.#
#####.#...#.##....).#####
####.....#.#.#.##.....<....#
.).).........#.##..........#
####.....#...#.##....).....#
# #.........#.##..........#
# #########.#.##o..###.....
# #....@o..######## #
##..#.........# #
#....[....##.#
##....#.......
###....#......#
#.....#.######## #.##.##.#
#.##..#.# #....<..#


You could see an orc priest and an orc.

Vanquished Creatures
  Jessica (D:2)
  2 orc wizards (D:3)
  4 adders
  An ooze (D:3)
  A worm (D:3)
  A dart slug (D:1)
  6 orcs (D:3)
  3 bats
  5 goblins
  5 hobgoblins
  2 jackals (D:1)
  8 kobolds (D:1)
  A ball python (D:1)
  8 frilled lizards
  9 rats
57 creatures vanquished.

Notes
Turn   | Place    | Note
-------+----------+-------------------------------------------
     0 | D:1      | loadgator530 the Mummy Necromancer began the quest for the
                  | Orb.
     0 | D:1      | Reached XP level 1. HP: 13/13 MP: 4/4
   270 | D:1      | Learned a level 1 spell: Animate Skeleton
   313 | D:1      | Reached XP level 2. HP: 18/19 MP: 0/5
   873 | D:1      | Reached XP level 3. HP: 24/24 MP: 4/7
  1657 | D:2      | Noticed Jessica
  1661 | D:2      | Killed Jessica
  1949 | D:2      | Reached XP level 4. HP: 30/30 MP: 4/9
  1999 | D:2      | Learned a level 3 spell: Vampiric Draining
  2159 | D:3      | Reached skill level 5 in Necromancy
  2909 | D:3      | Reached XP level 5. HP: 24/35 MP: 7/11
  3494 | D:3      | Killed from afar by an orc priest

Illustrated notes

Levels and vault maps discovered:
D:1:      psy_arrival_wood_between_worlds, layout_basic, minmay_tripent
D:2:      layout_basic, lemuel_old_faithful, uniq_jessica
D:3:      layout_basic
D:4:      layout_basic, uniq_blork_the_orc

Skill      XL: |  1  2  3  4 |
---------------+-------------+-----
Spellcasting   | 3 4 |  4.9
Necromancy     | 5 |  5.3
Polearms       | |  0.2
Dodging        | |  1.8
Stealth        | |  1.8

Action                   |  1- 3 |  4- 6 || total
-------------------------+-------+-------++-------
Melee: Unarmed           |    16 |       ||    16
       Spear             |     3 |     4 ||     7
 Cast: Pain              |    54 |    64 ||   118
       Animate Skeleton  |     2 |     8 ||    10
       Vampiric Draining |       |     3 ||     3
  Use: Scroll            |     4 |     5 ||     9
Armor: Robe              |     4 |       ||     4
Dodge: Dodged            |    23 |    12 ||    35

Table legend: (Time is in decaauts)
 A = Elapsed time spent in this place.
 B = Non-inter-level travel time spent in this place.
 C = Inter-level travel time spent in this place.
 D = Time resting spent in this place.
 E = Time spent auto-exploring this place.
 F = Levels seen in this place.
 G = Mean time per level.
                   A        B        C        D        E       F      G
               +--------+--------+--------+--------+--------+-----+--------+
         Total |   3495 |   3416 |     79 |   1142 |   1800 |   4 |  873.8 |
       Dungeon |   3495 |   3416 |     79 |   1142 |   1800 |   4 |  873.8 |
               +--------+--------+--------+--------+--------+-----+--------+

Top non-repeatable levels by time:
     D:1: 1346 daAuts
     D:3: 1095 daAuts
     D:2: 825 daAuts
     D:4: 227 daAuts
